 Dungeon Crawl Stone Soup version 0.28.0-45-g0d030f2227 (webtiles) character file.

Game seed: 4901295247014493438

236 issech the Cudgeller (level 5, 0/53 HPs)
             Began as a Troll Monk on Apr 16, 2022.
             Slain by an orc
             ... wielding a +0 club
              (2 damage)
             ... on level 4 of the Dungeon.
             The game lasted 00:08:15 (2572 turns).

issech the Cudgeller (Troll Monk)                   Turns: 2572, Time: 00:08:15

Health: 0/53       AC:  4    Str: 19    XL:     5   Next: 77%
Magic:  4/4        EV: 11    Int:  6    God:
Gold:   101        SH:  0    Dex: 14    Spells: 4/4 levels left

rFire   . . .      SeeInvis .   r - +2 flail (drain)
rCold   . . .      Faith    .   (no shield)
rNeg    . . .      Spirit   .   b - +0 robe
rPois   .          Reflect  .   (helmet restricted)
rElec   .          Harm     .   (no cloak)
rCorr   .          Rampage  .   (gloves unavailable)
Will    .....                   (boots unavailable)
Stlth   ++........              (no amulet)
HPRegen 0.97/turn               e - ring of wizardry
MPRegen 0.09/turn               (no ring)

@: no status effects
A: large, unfitting armour, claws 3, regeneration 1, shaggy fur 1, tough skin 1
a: no special abilities


You were on level 4 of the Dungeon.
You visited 1 branch of the dungeon, and saw 4 of its levels.

You collected 263 gold pieces.
You spent 162 gold pieces at shops.

Inventory:

Hand Weapons
 a - a +0 mace
 p - a +0 hunting sling
 q - a +2 dagger of venom
 r - a +2 flail of draining (weapon)
Missiles
 c - 161 stones (quivered)
 f - 42 arrows
 s - 28 bolts
Armour
 b - a +0 robe (worn)
Jewellery
 e - a ring of wizardry (left claw)
Scrolls
 d - 2 scrolls of brand weapon {unknown}
 j - a scroll of identify {unknown}
 k - a scroll of enchant armour {unknown}
 l - a scroll of teleportation {unknown}
 m - a scroll of amnesia {unknown}
 o - a scroll of fog {unknown}
Potions
 g - 2 potions of brilliance {unknown}
 h - a potion of magic {unknown}
 i - a potion of heal wounds {unknown}
 n - a potion of attraction {unknown}
 t - a potion of lignification {unknown}


   Skills:
 + Level 3.3 Fighting
 + Level 4.2 Maces & Flails
 + Level 1.2 Throwing
 + Level 3.3 Dodging
 + Level 1.2 Stealth


You had 4 spell levels left.
You didn't know any spells.
Your spell library contained the following spells:

 Spells                   Type           Power      Damage    Failure   Level
 Foxfire                  Conj/Fire      0%         2x1d4     21%         1
 Conjure Flame            Conj/Fire      0%         6-21      50%         3
 Inner Flame              Hex/Fire       0%         N/A       50%         3
 Flame Wave               Conj/Fire      0%         2d4       86%         4


Dungeon Overview and Level Annotations

Branches:
Dungeon (4/15)
 Temple: D:4-7

Altars:
Trog
Yredelemnul

Shops:
D:3 (

Annotations:
D:4 Grinder


Innate Abilities, Weirdness & Mutations

You are too large for most types of armour.
You have claws for hands.
Your natural rate of healing is unusually fast.
You are covered in fur. (AC +1)
You have tough skin. (AC +1)


Message History

Grinder blinks!
You bump into the rock wall.
You feel less confused. The orc wizard completely misses you.
Grinder says, "At least Makhleb appreciates what I'm doing."
You closely miss the orc wizard.
The orc wizard is lightly wounded.
The orc wizard barely misses you. The orc hits you but does no damage.
The orc hits you with a +0 club.
You sock the orc wizard! You drain the orc wizard.
You kill the orc wizard!
The orc hits you with a +0 dagger. The orc completely misses you.
You sock the orc!
You kill the orc!
The orc barely misses you. x2
You barely miss the iguana. The iguana barely misses you.
The orc hits you with a +0 dagger. The orc hits you with a +0 club.
You barely miss the iguana. The iguana barely misses you.
The orc barely misses you. The orc hits you with a +0 club.
The iguana bites you.
You hit the iguana. You drain the iguana.
The iguana is heavily wounded.
Grinder says, "FISH!"
The orc hits you but does no damage. The orc misses you. The iguana misses you.
Grinder hits you.
You writhe in agony.
The orc hits you but does no damage. x2
You barely miss the iguana.
The iguana is heavily wounded.
The iguana bites you. Grinder hits you.
You writhe in agony.
The orc hits you with a +0 dagger.
* * * LOW HITPOINT WARNING * * *
The orc closely misses you.
You hit the iguana.
The iguana is severely wounded.
The iguana bites you but does no damage.
Grinder hits you!
* * * LOW HITPOINT WARNING * * *
You writhe in agony.
* * * LOW HITPOINT WARNING * * *
The orc misses you. The orc hits you with a +0 club.
You die...

#..........##..##..
...................
..............>....
#..................
#...##.....##..##..
.... #.....# ..# .
... #....<# ..# #.
#...ol# .# #...o@#
.. #...5.# #######


You could see Grinder, an iguana (drained) and 2 orcs.

Vanquished Creatures
  An orc priest (D:3)
  Jessica (D:2)
  Natasha (twice) (D:3)
  2 orc wizards
  An adder (D:2)
  2 dart slugs
  3 orcs
  6 ball pythons
  5 bats
  5 endoplasms
  A giant cockroach (D:1)
  8 goblins
  9 hobgoblins
  4 jackals (D:3)
  2 quokkas (D:2)
  2 frilled lizards
  7 kobolds
  3 rats
64 creatures vanquished.

Notes
Turn   | Place    | Note
-------+----------+-------------------------------------------
     0 | D:1      | issech the Troll Monk began the quest for the Orb.
     0 | D:1      | Reached XP level 1. HP: 22/22 MP: 0/0
   136 | D:1      | Reached XP level 2. HP: 19/29 MP: 1/1
   248 | D:1      | Reached skill level 3 in Maces & Flails
   740 | D:2      | Reached XP level 3. HP: 36/36 MP: 2/2
   969 | D:2      | Noticed Jessica
   982 | D:2      | Killed Jessica
   983 | D:2      | Reached XP level 4. HP: 32/45 MP: 3/3
  1321 | D:2      | Found a faded altar of an unknown god.
  1882 | D:3      | Found a basalt altar of Yredelemnul.
  1885 | D:3      | Found a bloodstained altar of Trog.
  2113 | D:3      | Noticed Natasha
  2140 | D:3      | Reached skill level 1 in Throwing
  2140 | D:3      | Reached XP level 5. HP: 43/53 MP: 4/4
  2147 | D:3      | Killed Natasha
  2159 | D:3      | Found Ceosanoff's Antique Weapon Shoppe.
  2195 | D:3      | Bought a runed flail for 162 gold pieces
  2306 | D:3      | Noticed Natasha
  2311 | D:3      | Killed Natasha
  2312 | D:3      | Reached skill level 4 in Maces & Flails
  2540 | D:4      | Noticed Grinder
  2552 | D:4      | Paralysed by Grinder for 4 turns
  2572 | D:4      | HP: 2/53 [Grinder (6)]
  2572 | D:4      | Slain by an orc

Illustrated notes

Levels and vault maps discovered:
D:1:      dpeg_arrival_simpleton_b, layout_rooms, serial_aquarium,
          aquarium_bridge_long_joined [aquarium_subvault_bridge,
          aquarium_subvault_window, aquarium_subvault_wall,
          aquarium_subvault_wall, aquarium_subvault_bridge,
          aquarium_subvault_wall], aquarium_window_fake, aquarium_window_fake,
          aquarium_window_1, aquarium_view_2c, aquarium_pool_side,
          minmay_misc_feat_diagonals
D:2:      layout_basic, shapermc_ecumenical_altar_venn, uniq_jessica
D:3:      layout_basic, chequers_temple_overflow_statue_of_worship,
          serial_shops, shop_statue, uniq_natasha
D:4:      layout_gridville, uniq_grinder

Skill      XL: |  1  2  3  4  5 |
---------------+----------------+-----
Maces & Flails | 3 4 |  4.2
Fighting       | 3 |  3.3
Dodging        | 3 |  3.3
Throwing       | 1 |  1.2
Stealth        | |  1.2

Action                   |  1- 3 |  4- 6 || total
-------------------------+-------+-------++-------
Melee: Mace              |   105 |    84 ||   189
       Punch             |     3 |       ||     3
       Flail             |       |    14 ||    14
Throw: Stone             |    27 |    38 ||    65
Armor: Robe              |    64 |    59 ||   123
Dodge: Dodged            |    97 |    91 ||   188
